 Dungeon Crawl Stone Soup version 0.25-a0-737-g26c3a87c45 (webtiles) character file.

Game seed: 9836689091661067747, levelgen mode: deterministic

32383 Fukker the Thaumaturge (level 13, -1/99 HPs)
             Began as a Gnoll Wizard on Apr 11, 2020.
             Was a High Priest of Ashenzari.
             Killed from afar by an ice statue (11 damage)
             ... with a freezing blast
             ... in an ice cave on Apr 12, 2020.
             The game lasted 01:14:21 (16275 turns).

Fukker the Thaumaturge (Gnoll Wizard)              Turns: 16275, Time: 01:14:22

Health: -1/99      AC:  7    Str: 10    XL:     13   Next: 64%
Magic:  27/27      EV: 19    Int: 24    God:    Ashenzari [*****.]
Gold:   1322       SH:  0    Dex: 15    Spells: 4/33 levels left

rFire    . . .     SeeInvis +   c - +3 great sword (freeze) (curse)
rCold    . . .     Gourm    .   (shield currently unavailable)
rNeg     . . .     Faith    .   W - +2 robe {MR+}
rPois    .         Spirit   .   t - +0 helmet
rElec    .         Reflect  .   (no cloak)
rCorr    .         Harm     .   O - +0 pair of gloves
MR       ++...     Clarity  +   (no boots)
Stlth    ++++......             C - amulet of magic regeneration (curse)
HPRegen  0.26/turn              y - +1 ring of evasion (curse)
MPRegen  0.45/turn              X - ring of protection from magic (curse)

@: very slightly contaminated
A: distributed training, fangs 1, strong nose
a: Curse Item, Scrying, Renounce Religion


You were in an ice cave.
You worshipped Ashenzari.
Ashenzari was extremely pleased with you.
You were not hungry.

You visited 3 branches of the dungeon, and saw 16 of its levels.
You also visited: Ice Cave.

You collected 1322 gold pieces.

Inventory:

Hand Weapons
 c - a cursed +3 great sword of freezing (weapon)
Missiles
 j - 498 stones (quivered)
 q - 14 curare-tipped darts
 v - 3 throwing nets
 J - 34 poisoned darts
Armour
 t - a +0 helmet (worn)
 O - a +0 pair of gloves (worn)
 W - a +2 robe of magic resistance (worn)
Jewellery
 y - a cursed +1 ring of evasion (left hand)
 C - a cursed amulet of magic regeneration (around neck)
 X - a cursed ring of protection from magic (right hand)
Wands
 p - a wand of polymorph (11)
 L - a wand of clouds (8)
 Q - a wand of digging (6)
 T - a wand of acid (3)
 V - a wand of flame (49)
Scrolls
 a - a scroll of silence
 b - a scroll of enchant armour
 e - a scroll of torment
 i - 6 scrolls of immolation
 m - 3 scrolls of amnesia
 n - 4 scrolls of fear
 s - 5 scrolls of fog
 z - 2 scrolls of magic mapping
 I - 5 scrolls of teleportation
 Y - 6 scrolls of remove curse
 Z - a scroll of enchant weapon
Potions
 f - 7 potions of curing {unknown}
 k - 4 potions of lignification {unknown}
 r - a potion of magic
 u - 3 potions of brilliance
 x - 6 potions of heal wounds {unknown}
 F - 3 potions of might
 P - 2 potions of cancellation {unknown}
 S - 3 potions of mutation
 U - 2 potions of berserk rage
Miscellaneous
 g - 2 phantom mirrors
 N - a lightning rod (4/4)
Comestibles
 d - 26 rations


   Skills:
 + Level 8.3 Fighting
 + Level 8.3 Short Blades
 + Level 8.3(13.4) Long Blades
 + Level 8.3 Axes
 + Level 8.3 Maces & Flails
 + Level 8.3 Polearms
 + Level 8.3 Staves
 + Level 8.3 Slings
 + Level 8.3 Bows
 + Level 8.3 Crossbows
 + Level 8.3 Throwing
 + Level 8.3 Armour
 + Level 9.5 Dodging
 + Level 9.3 Stealth
 + Level 8.3 Shields
 + Level 8.3 Unarmed Combat
 + Level 10.9 Spellcasting
 + Level 7.3(11.3) Conjurations
 + Level 6.9(11.0) Hexes
 + Level 6.9(11.0) Charms
 + Level 7.3(11.3) Summonings
 + Level 6.9(11.0) Necromancy
 + Level 7.3(11.3) Translocations
 + Level 6.9(11.0) Transmutations
 + Level 6.9(11.0) Fire Magic
 + Level 6.9(11.0) Ice Magic
 + Level 6.9(11.0) Air Magic
 + Level 6.9(11.0) Earth Magic
 + Level 6.9(11.0) Poison Magic
 + Level 9.1 Invocations
 + Level 8.3(12.2) Evocations


You had 4 spell levels left.
You knew the following spells:

 Your Spells              Type           Power        Failure   Level  Hunger
a - Magic Dart            Conj           ####         1%          1    None
b - Blink                 Tloc           N/A          1%          2    None
c - Call Imp              Summ           ######..     1%          2    None
d - Mephitic Cloud        Conj/Pois/Air  ######..     1%          3    None
e - Conjure Flame         Conj/Fire      ######..     1%          3    None
f - Summon Ice Beast      Ice/Summ       ######..     1%          4    None
g - Summon Lightning Spi  Summ/Air       ######..     1%          4    None
h - Animate Dead          Necr           N/A          1%          4    None
i - Freezing Cloud        Conj/Ice/Air   ######....   8%          6    #####..

Your spell library contained the following spells:

 Spells                   Type           Power        Failure   Level  Hunger
 Animate Skeleton         Necr           N/A          1%          1    None
 Freeze                   Ice            ####         1%          1    None
 Pain                     Necr           ####         1%          1    None
 Sandblast                Erth           ######       1%          1    None
 Summon Small Mammal      Summ           ####         1%          1    None
 Passwall                 Tmut/Erth      ######..     1%          2    None
 Poisonous Vapours        Pois/Air       ######       1%          2    None
 Slow                     Hex            ######..     1%          2    None
 Call Canine Familiar     Summ           ######..     1%          3    None
 Ozocubu's Armour         Chrm/Ice       ######..     1%          3    None
 Stone Arrow              Conj/Erth      ######       1%          3    None
 Summon Guardian Golem    Hex/Summ       ######..     1%          3    None
 Vampiric Draining        Necr           ######....   1%          3    None
 Petrify                  Tmut/Erth      ######..     1%          4    None
 Agony                    Necr           ######..     1%          5    ####...
 Lee's Rapid Deconstruct  Erth           ######....   1%          5    ####...
 Ring of Flames           Chrm/Fire      ######....   41%         7    #######


Dungeon Overview and Level Annotations

Branches:
Dungeon (9/15)             Temple (0/1) D:7            Lair (6/6) D:8
 Shoals (0/4) Lair:4       Spider (0/4) Lair:2        Slime (0/5) Lair:6
    Orc (1/2) D:9           IceCv (1/1)

Altars:
Ashenzari
Dithmenos
Fedhas
Gozag
Hepliaklqana
Makhleb
Nemelex Xobeh
Ru
Trog
Uskayaw
Wu Jian
Beogh

Annotations:
IceCv exclusion: ice statue


Innate Abilities, Weirdness & Mutations

Your experience applies equally to all skills.
You have very sharp teeth.
Your uncanny sense of smell can sniff out nearby items.


Message History

You now have 1322 gold pieces (gained 36).
You sense a monster nearby.
You enter the shallow water.
Moving in this stuff is going to be slow.
You are engulfed in freezing vapours.
An ice statue comes into view.
You are engulfed in freezing vapours.
Marking area around an ice statue as unsafe for travelling.
You are engulfed in freezing vapours.
You are engulfed in freezing vapours.
You are engulfed in freezing vapours.
* * * LOW HITPOINT WARNING * * *
Blink to where?
Press: ? - help, Dir - move target cursor You are very lightly contaminated with residual magic.
As you read the scroll of blinking, it crumbles to dust.
Found an uncursed staff of wizardry.
The ice statue gestures at you. The freezing blast engulfs you!
You die...

####..####.#.○.≈## **≈***
}#..#○.##.§○○#°..## ,
*,,, *
#...##..##..####.°#≈≈***,
, *** ....#.≈..##☼.###○○#
** ..##.#..###..##§☼.##
≈** #####..####...##☼8°##
≈ # ##..####...####...#**
, *, #...##...####.#.###
* , *, * #..##...## ≈
#@#.# , * #......##
≈≈##....#* * * ##...###≈
≈≈**##### ##### **** *


You could see an ice statue.

Vanquished Creatures
  An orc warlord (Orc:1)
  An ettin (Orc:1)
  Harold (D:9)
  A hydra (Lair:5)
  12 death yaks
  An oklob plant (Lair:2)
  2 elephants (Lair:5)
  A black mamba (Lair:3)
  A demonic crawler (Lair:2)
  2 polar bears (IceCv)
  A troll (Orc:1)
  2 hippogriffs
  6 blink frogs
  9 yaks
  A wyvern (D:9)
  2 wraiths (Lair:4)
  A hungry ghost (D:9)
  A steam dragon (Lair:5)
  3 wargs (Orc:1)
  4 water moccasins
  4 porcupines
  A black bear (D:9)
  5 ice beasts
  2 orc warriors
  A hornet zombie (D:8)
  A sky beast (D:9)
  An ogre (Orc:1)
  10 wolves
  2 crocodiles
  A big kobold (D:8)
  4 bullfrogs
  5 scorpions
  2 killer bees (D:9)
  6 wights
  An electric eel (Lair:3)
  3 howler monkeys
  4 crimson imps
  A hound (D:9)
  3 orc priests (Orc:1)
  An iguana (D:9)
  5 orc wizards
  3 worker ants
  A worker ant zombie (D:7)
  6 adders
  2 shadow imps
  2 oozes
  2 adder skeletons
  3 adder zombies
  3 worms
  2 dart slugs (D:1)
  2 leopard geckos
  16 orcs
  3 bat zombies (D:2)
  3 giant cockroaches
  10 goblins
  9 hobgoblins
  6 jackals
  12 kobolds
  3 quokkas
  2 ball pythons
  4 bats
  5 frilled lizards
  A jackal skeleton (D:2)
  A jackal zombie (D:5)
  A leopard gecko skeleton (D:2)
  A leopard gecko zombie (D:5)
  A quokka skeleton (D:2)
  4 rats
  2 fungi (Lair:4)
  3 plants
229 creatures vanquished.

Vanquished Creatures (collateral kills)
  A stone giant (D:9)
  Josephine (Lair:4)
  Erolcha (D:9)
  3 hydras
  5 death yaks
  An orc high priest (Orc:1)
  An orc knight (Orc:1)
  The ghost of Kohma the Quickloader, a novice KoHu of Dithmenos (D:5)
  A manticore (Lair:4)
  A cyclops (D:9)
  3 elephants (Lair:5)
  A black mamba (Lair:4)
  4 spiny frogs
  A komodo dragon (Lair:1)
  2 trolls (Orc:1)
  4 hippogriffs
  9 blink frogs
  A basilisk (Lair:5)
  9 yaks
  3 wraiths (Lair:4)
  A hungry ghost (D:9)
  Duvessa (D:6)
  2 water moccasins
  5 orc warriors
  3 sky beasts
  4 ice beasts (Lair:6)
  A black bear (D:7)
  2 ogres (Orc:1)
  2 phantoms (D:7)
  5 centaurs
  9 wolves
  7 crocodiles
  2 bullfrogs
  Dowan (D:6)
  A scorpion (D:4)
  2 killer bees (D:9)
  10 wights
  An electric eel (Lair:3)
  3 howler monkeys (D:6)
  2 crimson imps
  A bullfrog zombie (D:8)
  A jelly (D:7)
  A centaur zombie (D:5)
  6 orc priests
  An iguana (D:4)
  5 orc wizards
  3 worker ants
  A killer bee zombie (D:9)
  4 adders
  4 gnolls (D:3)
  A shadow imp (D:9)
  An adder zombie (D:2)
  5 worms
  19 orcs
  A giant cockroach (D:7)
  A goblin (D:2)
  6 jackals
  4 fungi
  3 plants
185 creatures vanquished.

Vanquished Creatures (others)
  A polar bear (IceCv)
  2 yaks (IceCv)
  4 wolves (IceCv)
  A fungus (Lair:4)
8 creatures vanquished.

Grand Total: 422 creatures vanquished

Notes
Turn   | Place    | Note
-------+----------+-------------------------------------------
     0 | D:1      | Fukker the Gnoll Wizard began the quest for the Orb.
     0 | D:1      | Reached XP level 1. HP: 13/13 MP: 8/8
   281 | D:1      | Reached XP level 2. HP: 14/19 MP: 8/10
   572 | D:1      | Learned a level 2 spell: Blink
   575 | D:1      | Learned a level 2 spell: Call Imp
  1057 | D:2      | Reached XP level 3. HP: 25/25 MP: 4/11
  1170 | D:2      | Reached skill level 1 in Invocations
  1285 | D:2      | Reached skill level 1 in Fighting
  1285 | D:2      | Reached skill level 1 in Short Blades
  1285 | D:2      | Reached skill level 1 in Long Blades
  1285 | D:2      | Reached skill level 1 in Axes
  1285 | D:2      | Reached skill level 1 in Maces & Flails
  1285 | D:2      | Reached skill level 1 in Polearms
  1285 | D:2      | Reached skill level 1 in Staves
  1285 | D:2      | Reached skill level 1 in Slings
  1285 | D:2      | Reached skill level 1 in Bows
  1285 | D:2      | Reached skill level 1 in Crossbows
  1285 | D:2      | Reached skill level 1 in Throwing
  1285 | D:2      | Reached skill level 1 in Armour
  1285 | D:2      | Reached skill level 1 in Shields
  1285 | D:2      | Reached skill level 1 in Unarmed Combat
  1285 | D:2      | Reached skill level 1 in Evocations
  1360 | D:2      | Reached XP level 4. HP: 32/32 MP: 10/13
  1521 | D:2      | Learned a level 3 spell: Mephitic Cloud
  1911 | D:2      | Reached skill level 1 in Hexes
  1911 | D:2      | Reached skill level 1 in Charms
  1911 | D:2      | Reached skill level 1 in Necromancy
  1911 | D:2      | Reached skill level 1 in Transmutations
  1911 | D:2      | Reached skill level 1 in Fire Magic
  1911 | D:2      | Reached skill level 1 in Ice Magic
  1911 | D:2      | Reached skill level 1 in Air Magic
  1911 | D:2      | Reached skill level 1 in Earth Magic
  1911 | D:2      | Reached skill level 1 in Poison Magic
  1916 | D:2      | Learned a level 3 spell: Conjure Flame
  2445 | D:3      | Reached XP level 5. HP: 36/37 MP: 0/14
  2583 | D:3      | Found a bloodstained altar of Trog.
  3880 | D:4      | Reached XP level 6. HP: 35/44 MP: 12/16
  3925 | D:4      | Found a hazy altar of Hepliaklqana.
  3926 | D:4      | Found a burning altar of Makhleb.
  4170 | D:5      | Entered Level 5 of the Dungeon
  4170 | D:5      | Noticed an ice beast
  4224 | D:5      | Killed an ice beast
  4224 | D:5      | Reached skill level 5 in Dodging
  4449 | D:5      | Found a shadowy altar of Dithmenos.
  4466 | D:5      | Noticed an orc warrior
  4474 | D:5      | Found a sparkling altar of Nemelex Xobeh.
  4480 | D:5      | Killed an orc warrior
  4480 | D:5      | Reached XP level 7. HP: 28/50 MP: 12/18
  4521 | D:5      | Found a sacrificial altar of Ru.
  4533 | D:5      | Learned a level 4 spell: Summon Ice Beast
  4538 | D:5      | Learned a level 4 spell: Summon Lightning Spire
  4757 | D:5      | Found a shattered altar of Ashenzari.
  4774 | D:5      | Became a worshipper of Ashenzari the Shackled
  4881 | D:5      | Found an ornate altar of the Wu Jian Council.
  5178 | D:6      | Reached skill level 5 in Stealth
  5329 | D:6      | Noticed Duvessa
  5340 | D:6      | Killed Duvessa
  5345 | D:6      | Noticed Dowan
  5353 | D:6      | Killed Dowan
  5396 | D:6      | Found a runed translucent door.
  5396 | D:6      | Noticed a two-headed ogre
  5397 | D:6      | Noticed Kohma's ghost (novice KoHu)
  5490 | D:5      | Killed Kohma's ghost
  5490 | D:5      | Reached XP level 8. HP: 11/58 MP: 4/19
  6235 | D:7      | Reached skill level 8 in Spellcasting
  6352 | D:7      | Noticed a yak
  6352 | D:7      | Noticed a yak
  6361 | D:7      | Noticed a yak
  6362 | D:7      | Killed a yak
  6362 | D:7      | Reached XP level 9. HP: 39/65 MP: 10/21
  6658 | D:7      | Found a staircase to the Ecumenical Temple.
  6915 | D:8      | Noticed a death yak
  6916 | D:8      | Upgraded the game from 0.25-a0-734-g73332aeda9 to
                  | 0.25-a0-737-g26c3a87c45
  6923 | D:8      | Noticed a death yak
  6925 | D:8      | Noticed a death yak
  6927 | D:8      | Noticed a death yak
  6927 | D:8      | Noticed a death yak
  6928 | D:8      | Noticed a death yak
  6928 | D:8      | Noticed a death yak
  6930 | D:8      | Noticed a death yak
  6930 | D:8      | Noticed a death yak
  6933 | D:8      | Killed a death yak
  6934 | D:8      | Killed a death yak
  6934 | D:8      | Reached skill level 5 in Invocations
  6935 | D:8      | Killed a death yak
  6935 | D:8      | Reached XP level 10. HP: 56/73 MP: 8/22
  6935 | D:8      | Killed a death yak
  6935 | D:8      | Reached skill level 5 in Fighting
  6935 | D:8      | Reached skill level 5 in Short Blades
  6935 | D:8      | Reached skill level 5 in Long Blades
  6935 | D:8      | Reached skill level 5 in Axes
  6935 | D:8      | Reached skill level 5 in Maces & Flails
  6935 | D:8      | Reached skill level 5 in Polearms
  6935 | D:8      | Reached skill level 5 in Staves
  6935 | D:8      | Reached skill level 5 in Slings
  6935 | D:8      | Reached skill level 5 in Bows
  6935 | D:8      | Reached skill level 5 in Crossbows
  6935 | D:8      | Reached skill level 5 in Throwing
  6935 | D:8      | Reached skill level 5 in Armour
  6935 | D:8      | Reached skill level 5 in Shields
  6935 | D:8      | Reached skill level 5 in Unarmed Combat
  6935 | D:8      | Reached skill level 5 in Evocations
  6935 | D:8      | Killed a death yak
  6935 | D:8      | Reached skill level 9 in Spellcasting
  6936 | D:8      | Killed a death yak
  6936 | D:8      | Reached skill level 5 in Conjurations
  6936 | D:8      | Reached skill level 5 in Summonings
  6936 | D:8      | Reached skill level 5 in Translocations
  6937 | D:8      | Killed a death yak
  6941 | D:8      | Killed a death yak
  6941 | D:8      | Reached XP level 11. HP: 64/81 MP: 7/24
  6965 | D:8      | Killed a death yak
  7136 | D:8      | Found a staircase to the Lair.
  7223 | D:8      | Reached * piety under Ashenzari
  7398 | D:8      | Found an opulent altar of Gozag.
  7492 | D:8      | Learned a level 4 spell: Animate Dead
  7583 | D:8      | Found a hide-covered altar of Uskayaw.
  7735 | D:9      | Found a blossoming altar of Fedhas.
  7807 | D:9      | Reached skill level 5 in Hexes
  7807 | D:9      | Reached skill level 5 in Charms
  7807 | D:9      | Reached skill level 5 in Necromancy
  7807 | D:9      | Reached skill level 5 in Transmutations
  7807 | D:9      | Reached skill level 5 in Fire Magic
  7807 | D:9      | Reached skill level 5 in Ice Magic
  7807 | D:9      | Reached skill level 5 in Air Magic
  7807 | D:9      | Reached skill level 5 in Earth Magic
  7807 | D:9      | Reached skill level 5 in Poison Magic
  7928 | D:9      | Found a staircase to the Orcish Mines.
  7949 | D:9      | Noticed Erolcha
  7988 | D:9      | Killed Erolcha
  8469 | D:9      | Noticed Harold
  8493 | D:9      | Killed Harold
  8530 | D:9      | Noticed a stone giant
  8545 | D:9      | Killed a stone giant
  8859 | D:9      | Noticed a cyclops
  8867 | D:9      | Killed a cyclops
  9080 | Orc:1    | Entered Level 1 of the Orcish Mines
  9175 | Orc:1    | Reached ** piety under Ashenzari
  9183 | Orc:1    | Learned a level 6 spell: Freezing Cloud
  9431 | Orc:1    | Noticed an orc high priest
  9437 | Orc:1    | Noticed an orc warlord
  9447 | Orc:1    | Killed an orc high priest
  9469 | Orc:1    | Killed an orc warlord
  9469 | Orc:1    | Reached XP level 12. HP: 13/89 MP: 4/25
 10034 | Orc:1    | Noticed an ettin
 10044 | Orc:1    | Killed an ettin
 10399 | Orc:1    | Found a roughly hewn altar of Beogh.
 10643 | Lair:1   | Entered Level 1 of the Lair of Beasts
 10779 | Lair:1   | Reached skill level 10 in Spellcasting
 11785 | Lair:2   | Found a hole to the Spider Nest.
 12188 | Lair:2   | Noticed an eight-headed hydra
 12195 | Lair:2   | Killed an eight-headed hydra
 12544 | Lair:2   | Noticed an eight-headed hydra
 12557 | Lair:2   | Killed an eight-headed hydra
 12817 | Lair:3   | Noticed a five-headed hydra
 12826 | Lair:3   | Killed a five-headed hydra
 12880 | Lair:3   | Reached *** piety under Ashenzari
 13235 | Lair:3   | Noticed a death yak
 13236 | Lair:3   | Noticed a death yak
 13238 | Lair:3   | Noticed a death yak
 13242 | Lair:3   | Killed a death yak
 13248 | Lair:3   | Killed a death yak
 13250 | Lair:3   | Killed a death yak
 14196 | Lair:4   | Reached **** piety under Ashenzari
 14291 | Lair:4   | Noticed Josephine
 14297 | Lair:4   | Killed Josephine
 14374 | Lair:4   | Reached XP level 13. HP: 73/98 MP: 19/27
 14677 | Lair:4   | Found a staircase to the Shoals.
 15223 | Lair:5   | Identified the Papyrus of the Twelve Coins
 15660 | Lair:6   | Entered Level 6 of the Lair of Beasts
 15681 | Lair:6   | Reached ***** piety under Ashenzari
 15704 | Lair:6   | Found a frozen archway.
 15733 | IceCv    | Entered an ice cave
 15860 | IceCv    | HP: 4/99 [something (16)]
 16275 | IceCv    | Killed from afar by an ice statue

Levels and vault maps discovered:
D:1:      evilmike_arrival_rings, layout_basic
D:2:      layout_basic, serial_undead, serial_undead_a, serial_undead_f,
          serial_undead_e, serial_undead_d, serial_undead_f, serial_undead_d,
          serial_undead_c, serial_undead_d
D:3:      layout_loops_ring, kennysheep_small_spiral, minivault_4,
          trog_hazing_becter
D:4:      layout_gridville, gammafunk_temple_overflow_statue, first_ration,
          st_stairs_13
D:5:      layout_cave_pools, kennysheep_mini, nicolae_overflow_crystal_walls,
          nemelex_xobeh_ov_fountains_minmay, lemuel_doored_altar, serial_glass,
          glass_columns_a, glass_columns_a, glass_columns_a, glass_columns_a,
          glass_columns_a, basic_altar
D:6:      layout_loops_cross, ebering_ghost_inner_flame, uniq_duvessa
D:7:      layout_rooms, minmay_temple_entry_proselytizer,
          chequers_serial_rivers_micro_c
D:8:      layout_loops_cross, grunt_gozag_statues, kennysheep_little_box,
          dpeg_lair_monsters, blue_anna_alchemist [blue_anna_fruit_fields,
          blue_anna_fruit_fields]
D:9:      wad_statue_garden, layout_basic, fedhas_altar_2, orc_0_dummy,
          hangedman_decor_growths, statue_in_the_mist_lemuel, uniq_erolcha,
          uniq_harold
Lair:1:   layout_hall_layers
Lair:2:   layout_small_grid, nicolae_spider_entry_non_spiders,
          minmay_lair_oklob_chamber
Lair:3:   layout_long_grid, serial_bayou_ford_a,
          eino_small_chamber_without_monster, infiniplex_staircase_pool_2,
          grunt_megastairs_2
Lair:4:   layout_regular_city, minmay_shoals_entry_beasts, uniq_josephine
Lair:5:   layout_big_grid
Lair:6:   minmay_lair_end_enchanted_forest, layout_layer_cave,
          minmay_slime_entry_pillars, portal_ice_cave_entry_ice_beasts,
          grunt_megastairs_4
Orc:1:    nicolae_orc_accident_2, layout_caves
IceCv:    ice_cave_caverns_02

Skill      XL: |  1  2  3  4  5  6  7  8  9 10 11 12 13 |
---------------+----------------------------------------+-----
Conjurations   | 2 3 4 5 6 7 |  7.3
Summonings     | 2 3 4 5 6 7 |  7.3
Translocations | 2 3 4 5 6 7 |  7.3
Invocations    | 1 2 3 4 5 6 7 8 9 |  9.1
Fighting       | 1 2 3 4 5 6 7 8 |  8.3
Short Blades   | 1 2 3 4 5 6 7 8 |  8.3
Long Blades    | 1 2 3 4 5 6 7 8 |  8.3
Axes           | 1 2 3 4 5 6 7 8 |  8.3
Maces & Flails | 1 2 3 4 5 6 7 8 |  8.3
Polearms       | 1 2 3 4 5 6 7 8 |  8.3
Staves         | 1 2 3 4 5 6 7 8 |  8.3
Slings         | 1 2 3 4 5 6 7 8 |  8.3
Bows           | 1 2 3 4 5 6 7 8 |  8.3
Crossbows      | 1 2 3 4 5 6 7 8 |  8.3
Throwing       | 1 2 3 4 5 6 7 8 |  8.3
Armour         | 1 2 3 4 5 6 7 8 |  8.3
Shields        | 1 2 3 4 5 6 7 8 |  8.3
Unarmed Combat | 1 2 3 4 5 6 7 8 |  8.3
Evocations     | 1 2 3 4 5 6 7 8 |  8.3
Hexes          | 1 2 3 4 5 6 |  6.9
Charms         | 1 2 3 4 5 6 |  6.9
Necromancy     | 1 2 3 4 5 6 |  6.9
Transmutations | 1 2 3 4 5 6 |  6.9
Fire Magic     | 1 2 3 4 5 6 |  6.9
Ice Magic      | 1 2 3 4 5 6 |  6.9
Air Magic      | 1 2 3 4 5 6 |  6.9
Earth Magic    | 1 2 3 4 5 6 |  6.9
Poison Magic   | 1 2 3 4 5 6 |  6.9
Dodging        | 5 6 7 8 9 |  9.5
Stealth        | 5 6 7 8 9 |  9.3
Spellcasting   | 8 9 10 | 10.9

Action                   |  1- 3 |  4- 6 |  7- 9 | 10-12 | 13-15 || total
-------------------------+-------+-------+-------+-------+-------++-------
Melee: Dagger            |     7 |    16 |       |       |       ||    23
       Bite              |       |     2 |     1 |    23 |    10 ||    36
       Rapier            |       |     4 |       |       |       ||     4
       Long sword        |       |    14 |       |    21 |       ||    35
       Hand axe          |       |     4 |    57 |       |       ||    61
       Punch             |       |     1 |     1 |       |       ||     2
       Scimitar          |       |       |    11 |   156 |       ||   167
       Great sword       |       |       |       |    31 |    75 ||   106
Throw: Stone             |       |       |     1 |       |       ||     1
 Cast: Magic Dart        |    49 |   149 |    50 |   149 |    11 ||   408
       Call Imp          |     4 |    23 |    12 |     2 |       ||    41
       Blink             |       |     2 |     6 |     1 |       ||     9
       Conjure Flame     |       |     3 |     3 |     3 |       ||     9
       Mephitic Cloud    |       |     1 |     2 |     7 |       ||    10
       Summon Ice Beast  |       |       |    27 |    77 |    14 ||   118
       Summon Lightning  |       |       |    10 |    45 |    12 ||    67
       Animate Dead      |       |       |       |     7 |     9 ||    16
       Freezing Cloud    |       |       |       |     1 |     4 ||     5
Invok: Curse Item        |       |       |     2 |     1 |       ||     3
Evoke: Lightning rod     |       |       |     3 |     2 |       ||     5
       Wand              |       |       |     1 |     5 |     1 ||     7
  Use: Scroll            |     3 |     4 |     3 |     6 |     6 ||    22
       Potion            |       |       |       |     2 |       ||     2
 Stab: Distracted        |     1 |       |       |     6 |     1 ||     8
       Sleeping          |       |     5 |     2 |    11 |     3 ||    21
       Confused          |       |       |       |     2 |       ||     2
  Eat: Chunk             |     1 |    10 |     6 |     8 |     2 ||    27
       Ration            |       |       |     1 |     6 |     2 ||     9
Armor: Robe              |     1 |    10 |     9 |    29 |    13 ||    62
Dodge: Dodged            |     7 |    53 |    63 |   155 |    72 ||   350
Block: Buckler           |       |       |       |    41 |       ||    41
       Rpst.: Long sword |       |     5 |       |     7 |       ||    12
       Scimitar          |       |       |     5 |    34 |       ||    39
       Great sword       |       |       |       |     4 |    20 ||    24

Table legend:
 A = Non-vault XP
 B = Vault XP
 C = Vault XP percentage of total XP
 D = Non-vault monster count
 E = Vault monster count
 F = Vault count percentage of total count
                 A         B        C        D         E       F
            +---------+---------+-------+---------+---------+-------
      Total |   29256 |   17006 |  36.8 |     325 |      78 |  19.4
            +---------+---------+-------+---------+---------+-------
        D:1 |      32 |       0 |   0.0 |      18 |       0 |   0.0
        D:2 |      96 |      13 |  11.9 |      31 |       7 |  18.4
        D:3 |      76 |      10 |  11.6 |      18 |       6 |  25.0
        D:4 |     137 |       0 |   0.0 |       9 |       0 |   0.0
        D:5 |     514 |     313 |  37.8 |      20 |       1 |   4.8
        D:6 |     389 |     122 |  23.9 |      17 |       2 |  10.5
        D:7 |    1336 |      20 |   1.5 |      27 |       1 |   3.6
        D:8 |     798 |    7393 |  90.3 |      23 |      10 |  30.3
        D:9 |    1546 |    3336 |  68.3 |      25 |      13 |  34.2
     Lair:1 |    1241 |       0 |   0.0 |       8 |       0 |   0.0
     Lair:2 |    2643 |    1006 |  27.6 |      14 |       9 |  39.1
     Lair:3 |    4256 |       0 |   0.0 |      19 |       0 |   0.0
     Lair:4 |     973 |    2179 |  69.1 |       5 |       8 |  61.5
     Lair:5 |   11342 |       0 |   0.0 |      48 |       0 |   0.0
     Lair:6 |     224 |     690 |  75.5 |       1 |       8 |  88.9
      Orc:1 |    3653 |     482 |  11.7 |      42 |       4 |   8.7
      IceCv |       0 |    1442 | 100.0 |       0 |       9 | 100.0
            +---------+---------+-------+---------+---------+-------
